 Dungeon Crawl Stone Soup version 0.24.0-41-g2ae2f7f1be (webtiles) character file.

Game seed: 13017633896210617470, levelgen mode: deterministic

4875 Goreval the Cleaver (level 10, -1/92 HPs)
             Began as a Deep Dwarf Necromancer on Dec 14, 2019.
             Was a Priest of Makhleb.
             Killed from afar by Pikel (19 damage)
             ... with a bolt of acid
             ... on level 8 of the Dungeon.
             The game lasted 00:38:55 (10994 turns).

Goreval the Cleaver (Deep Dwarf Necromancer)       Turns: 10994, Time: 00:38:56

Health: -1/92      AC:  7    Str: 18    XL:     10   Next: 26%
Magic:  5/12       EV: 11    Int: 16    God:    Makhleb [***...]
Gold:   443        SH:  0    Dex: 13    Spells: 8/13 levels left

rFire    . . .     SeeInvis .   H - +0 battleaxe
rCold    . . .     Gourm    +   (shield currently unavailable)
rNeg     . . .     Faith    .   y - +0 scale mail
rPois    .         Spirit   .   k - +2 helmet
rElec    .         Reflect  .   (no cloak)
rCorr    .         Harm     .   x - +0 pair of gloves {archery}
MR       +....                  (no boots)
Stlth    +.........             n - amulet of the gourmand
HPRegen  0.00/turn              j - +3 ring of strength
MPRegen  0.13/turn              (no ring)

@: corroded, non-regenerating, lightly drained
A: damage resistance, heal wounds, sense surroundings 2, no regeneration
a: Heal Wounds, Minor Destruction, Lesser Servant of Makhleb, Renounce Religion


You were on level 8 of the Dungeon.
You worshipped Makhleb.
Makhleb was most pleased with you.
You were completely stuffed.

You visited 2 branches of the dungeon, and saw 9 of its levels.

You collected 443 gold pieces.

Inventory:

Hand Weapons
 q - a +0 hand axe
 r - the +7 falchion of Dirur {freeze, SInv}
   (You found it on level 5 of the Dungeon)

   It has been specially enchanted to freeze those struck by it, causing extra
   injury to most foes and up to half again as much damage against particularly
   susceptible opponents.
   It can also slow down cold-blooded creatures.
   It lets you see invisible.
 H - a +0 battleaxe (weapon)
 I - a +0 war axe
Missiles
 f - 217 stones (quivered)
Armour
 a - a +0 robe
 e - a +0 ring mail
 k - a +2 helmet (worn)
 u - a +1 buckler
 x - a +0 pair of gloves of archery (worn)
 y - a +0 scale mail (worn)
Jewellery
 j - a +3 ring of strength (left hand)
 n - an amulet of the gourmand (around neck)
 s - an uncursed ring of ice
Wands
 m - a wand of flame (22)
 w - a wand of iceblast (7)
 D - a wand of paralysis (4)
Scrolls
 b - a scroll of immolation
 d - a scroll of amnesia {unknown}
 l - 4 scrolls of remove curse
 p - a scroll of enchant armour
 v - a scroll of fog {unknown}
 z - 3 scrolls of identify
 A - a scroll of blinking {unknown}
 E - a scroll of fear {unknown}
 F - a scroll of magic mapping {unknown}
Potions
 g - 3 potions of brilliance
 h - 3 potions of lignification
 i - 3 potions of curing
 o - 2 potions of cancellation
 t - a potion of invisibility {unknown}
 B - a potion of might {unknown}
 C - 3 potions of heal wounds {unknown}
 G - a potion of mutation {unknown}
Comestibles
 c - 13 rations
 J - a chunk of flesh


   Skills:
 + Level 6.6(6.1) Fighting
 * Level 9.6(9.0) Axes
 + Level 5.8(5.3) Armour
 + Level 4.6(4.1) Dodging
 - Level 2.4(1.9) Stealth
 - Level 4.2(3.8) Shields
 - Level 2.0(1.5) Spellcasting
 + Level 7.3(6.8) Necromancy
 - Level 3.0(2.6) Invocations


You had 8 spell levels left.
You knew the following spells:

 Your Spells              Type           Power        Failure   Level  Hunger
a - Pain                  Necr           ###.         3%          1    ##.....
b - Vampiric Draining     Necr           ###.......   11%         3    ####...
u - Animate Skeleton      Necr           N/A          3%          1    ##.....

Your spell library contained the following spells:

 Spells                   Type           Power        Failure   Level  Hunger
 Animate Dead             Necr           N/A          36%         4    #####..
 Regeneration             Chrm/Necr      Unusable     N/A         3    N/A

Dungeon Overview and Level Annotations

Branches:
Dungeon (8/15)             Temple (1/1) D:5
   Lair: D:8-11

Altars:
Cheibriados
Elyvilon
Fedhas
Makhleb
Nemelex Xobeh
Sif Muna
Vehumet
The Shining One
Beogh

Shops:
D:6 %

Annotations:
D:4 1 runed translucent door, Gwanngwann's ghost, amateur MiFi
D:8 Pikel


Innate Abilities, Weirdness & Mutations

You are resistant to damage.
You can heal yourself by infusing magical energy.
You passively map the area around you.
You do not regenerate.


Message History

* * * LOW HITPOINT WARNING * * *
Pikel burns you.
You hit Pikel.
Pikel zaps a wand.
The bolt of acid misses you.
You hit Pikel. Pikel hits you but does no damage.
Pikel hits you with a +1 whip of flaming.
* * * LOW HITPOINT WARNING * * *
Pikel burns you.
You completely miss Pikel. Pikel barely misses you.
You barely miss Pikel.
Pikel hits you with a +1 whip of flaming.
Pikel burns you.
You closely miss Pikel.
Pikel zaps a wand.
The bolt of acid misses you.
You closely miss Pikel.
Pikel zaps a wand.
The bolt of acid hits you!!
You die...

#.##...#
#)###..
#.####.# #[#
#.. #.# #.#
#.# ### #.#
#.# #.# #.#
##.#####.# *
* * #.#
#........#
#.#
#..####### ,
, ,, #.#
#..## * , .
,* #@#
#...########
,
....######K#
#..........#
,,,
....Zppp.pp#
#...####.#)#
,
.K..########
#####
#.#.### , ,
p , #.#.)..
* #)##### ,,
, #.# , **
#.# * #.####


You could see Pikel and 2 slaves.

Vanquished Creatures
  3 hippogriffs
  3 hogs (D:7)
  A yak (D:7)
  A human (D:7)
  A hungry ghost (D:8)
  Grum (D:8)
  2 sky beasts (D:8)
  5 orc warriors
  A black bear (D:7)
  A phantom (D:6)
  2 ogres
  2 wolves (D:8)
  2 bullfrogs
  5 scorpions
  11 killer bees
  4 wights (D:8)
  A howler monkey (D:6)
  A crimson imp (D:7)
  A hound (D:8)
  8 orc priests
  3 bullfrog skeletons
  A centaur skeleton (D:8)
  5 orc wizards
  7 worker ants
  2 iguanas (D:5)
  A hound skeleton (D:8)
  A howler monkey skeleton (D:6)
  A howler monkey zombie (D:8)
  A gnoll (D:1)
  14 adders
  An adder skeleton (D:5)
  3 worms
  6 dart slugs
  2 leopard geckos (D:3)
  48 orcs
  A ball python (D:1)
  9 giant cockroaches
  A goblin (D:2)
  12 hobgoblins
  12 jackals
  12 kobolds
  5 quokkas
  3 bats
  6 frilled lizards
  A jackal skeleton (D:8)
  A leopard gecko skeleton (D:4)
  A quokka skeleton (D:4)
  A quokka zombie (D:5)
  8 rats
225 creatures vanquished.

Vanquished Creatures (collateral kills)
  A hound skeleton (D:4)
  An orc (D:3)
  A ball python (D:2)
  A jackal (D:1)
  2 bats (D:3)
  A frilled lizard (D:1)
7 creatures vanquished.

Grand Total: 232 creatures vanquished

Notes
Turn   | Place    | Note
-------+----------+-------------------------------------------
     0 | D:1      | Goreval the Deep Dwarf Necromancer began the quest for the
                  | Orb.
     0 | D:1      | Reached XP level 1. HP: 15/15 MP: 3/3
   129 | D:1      | Reached skill level 1 in Fighting
   202 | D:1      | Reached XP level 2. HP: 25/25 MP: 2/4
   220 | D:1      | Learned a level 1 spell: Animate Skeleton
   624 | D:1      | Reached XP level 3. HP: 16/32 MP: 0/5
   685 | D:1      | Learned a level 3 spell: Vampiric Draining
  1602 | D:2      | Reached XP level 4. HP: 32/40 MP: 1/7
  1676 | D:2      | Reached skill level 5 in Necromancy
  2119 | D:2      | Found a blossoming altar of Fedhas.
  2679 | D:3      | Reached skill level 1 in Armour
  2904 | D:3      | Reached XP level 5. HP: 48/48 MP: 5/8
  3988 | D:4      | Reached skill level 1 in Axes
  3990 | D:4      | Reached XP level 6. HP: 53/56 MP: 2/9
  4822 | D:4      | Found a runed translucent door.
  4822 | D:4      | Noticed Gwanngwann's ghost (amateur MiFi)
  5101 | D:5      | Entered Level 5 of the Dungeon
  5150 | D:4      | Reached skill level 2 in Axes
  5679 | D:5      | Got a jewelled falchion
  5681 | D:5      | Identified the +7 falchion of Dirur {freeze, SInv} (You
                  | found it on level 5 of the Dungeon)
  5927 | D:5      | Reached XP level 7. HP: 47/62 MP: 0/9
  6031 | D:5      | Reached skill level 3 in Axes
  6312 | D:5      | Found a staircase to the Ecumenical Temple.
  6323 | Temple   | Entered the Ecumenical Temple
  6329 | Temple   | Became a worshipper of Makhleb the Destroyer
  6952 | D:6      | Found Ihieth's Food Shop.
  7057 | D:6      | Reached skill level 4 in Axes
  7247 | D:6      | Reached skill level 1 in Shields
  7451 | D:6      | Reached XP level 8. HP: 57/72 MP: 2/10
  7857 | D:7      | Found a radiant altar of Vehumet.
  7927 | D:7      | Reached skill level 5 in Axes
  8089 | D:7      | Reached skill level 6 in Axes
  8114 | D:7      | Reached skill level 5 in Fighting
  8123 | D:7      | Reached * piety under Makhleb
  8138 | D:7      | Reached skill level 7 in Axes
  8138 | D:7      | Gained mutation: You passively map the area around you.
                  | [Deep Dwarf growth]
  8138 | D:7      | Reached XP level 9. HP: 24/81 MP: 0/11
  8907 | D:7      | Reached skill level 1 in Invocations
  8994 | D:7      | Reached skill level 8 in Axes
  9979 | D:8      | Noticed Grum
  9994 | D:8      | Killed Grum
 10014 | D:8      | Reached skill level 5 in Armour
 10246 | D:8      | Reached skill level 9 in Axes
 10260 | D:8      | Reached ** piety under Makhleb
 10324 | D:7      | Reached XP level 10. HP: 74/92 MP: 8/12
 10786 | D:8      | Found a roughly hewn altar of Beogh.
 10848 | D:8      | Reached *** piety under Makhleb
 10967 | D:8      | Noticed Pikel
 10994 | D:8      | Killed from afar by Pikel

Levels and vault maps discovered:
D:1:      psy_arrival_radial01, layout_loops_cross,
          minmay_misc_feat_secret_circle, minmay_misc_feat_ornament
D:2:      layout_rooms, fedhas_altar_1, kennysheep_nondescript,
          minmay_pentomino_v2
D:3:      layout_basic, minmay_misc_feat_tower, chequers_serial_rivers_small_3
D:4:      layout_rooms, gammafunk_ghost_grave, grunt_decor_clamped
D:5:      layout_basic, minmay_temple_entry_large_hall, first_ration
D:6:      layout_gridville, serial_shops, nicolae_shop_statue_plus
D:7:      layout_loops_corners, basic_altar, grunt_livestock,
          minmay_misc_feat_more_columns
D:8:      layout_loops_ring, special_room [special_room_orc],
          minmay_alternating_orb, uniq_pikel, uniq_grum
Temple:   nicolae_temple_the_god_donut

Skill      XL: |  1  2  3  4  5  6  7  8  9 |
---------------+----------------------------+-----
Fighting       | 1 2 3 4 5 6 |  6.6
Spellcasting   | 2 |  2.0
Necromancy     | 5 6 7 |  7.3
Armour         | 1 3 4 5 |  5.8
Dodging        | 3 4 |  4.6
Axes           | 1 2 4 7 9 |  9.6
Shields        | 1 4 |  4.2
Invocations    | 3 |  3.0
Stealth        | |  2.4

Action                   |  1- 3 |  4- 6 |  7- 9 | 10-12 || total
-------------------------+-------+-------+-------+-------++-------
Melee: Whip              |    58 |    42 |       |       ||   100
       Hand axe          |       |    48 |       |       ||    48
       Falchion          |       |     9 |   220 |    81 ||   310
       Battleaxe         |       |       |       |    13 ||    13
Throw: Stone             |     1 |     2 |       |       ||     3
 Cast: Pain              |    33 |    80 |    14 |       ||   127
       Animate Skeleton  |    10 |    13 |       |       ||    23
       Vampiric Draining |    13 |    40 |    67 |    19 ||   139
 Abil: Heal Wounds       |       |     1 |     1 |     1 ||     3
  Use: Scroll            |       |     4 |     4 |       ||     8
       Potion            |       |       |     2 |       ||     2
 Stab: Sleeping          |       |     1 |       |       ||     1
  Eat: Chunk             |     5 |    28 |    35 |     5 ||    73
Armor: Robe              |    15 |    29 |       |       ||    44
       Ring mail         |       |     6 |    26 |       ||    32
       Scale mail        |       |       |    89 |    48 ||   137
Dodge: Dodged            |    50 |   109 |   161 |    51 ||   371
Block: Buckler           |       |       |    83 |    26 ||   109
       Rpst.: Falchion   |       |     4 |    49 |    20 ||    73
